AoeStats
← ritondu52

Yucatan

503083297Analyzed
2v2 RM · 1mo ago on Aug 30, 2026· 23m 32s· 4 players
Game mode
Random Map
Map size
Medium (4 player)
Population
200
Speed
Normal
Resources
Standard
Victory
Conquest
Starting age
Dark Age
Ending age
Imperial Age
RankedLock teamsTeams togetherTeam positionsShared explorationLock speedFull tech treeHidden civsTurbo modeCheats
Victory
Defeat
🇫🇷 Tatars · France
1219
+12
🇫🇷 Magyars · France
1196
+13
🇨🇳 Britons · China
1164
-14
🇨🇳 Armenians · China
1116
-12
ritondu52
6:00 Loom
9:06 Feudal Age
10:32 Double-Bit Axe
12:00 Horse Collar
18:21 Castle Age
17:28 Forging
18:25 Scale Barding Armor
20:04 Chain Barding Armor
.Stoo
7:05 Loom
9:58 Feudal Age
10:34 Double-Bit Axe
10:31 Horse Collar
19:30 Scale Barding Armor
20:39 Wheelbarrow
23:38 Gold Mining
大清王朝
2:06 Loom
11:16 Feudal Age
19:28 Double-Bit Axe
21:45 Castle Age
23:20 Wheelbarrow
addwfssaff
10:19 Feudal Age
Connection lost

Rejoining the realm…

Still unreachable

The connection could not be restored.

Session expired

The server has moved on; the page needs a fresh start.